 Dungeon Crawl Stone Soup version 0.23-a0-175-g97aacdb (webtiles) character file.

42 rayofluck the Vandal (level 3, 23/24 HPs)
             Began as a Halfling Hunter on Sept 16, 2018.
             Quit the game on level 2 of the Dungeon.
             The game lasted 00:08:15 (1093 turns).

rayofluck the Vandal (Halfling Hunter)              Turns: 1093, Time: 00:08:16

Health: 23/24      AC:  4    Str: 13    XL:     3   Next: 80%
Magic:  3/3        EV: 13    Int:  9    God:
Gold:   10         SH:  4    Dex: 15    Spells: 1/2 levels left

rFire    . . .     SeeInvis .   a - +0 dagger (venom)
rCold    . . .     Gourm    .   i - +0 buckler
rNeg     . . .     Faith    .   c - +0 leather armour
rPois    .         Spirit   .   (no helmet)
rElec    .         Reflect  .   n - +0 cloak
rCorr    .         Harm     .   (no gloves)
MR       .....                  (no boots)
Stlth    ++........             (no amulet)
HPRegen  0.08/turn              (no ring)
MPRegen  0.08/turn              (no ring)

@: no status effects
A: small, mutation resistance 1
a: no special abilities


You were on level 2 of the Dungeon.
You were not hungry.

You visited 1 branch of the dungeon, and saw 2 of its levels.

You collected 10 gold pieces.

Inventory:

Hand Weapons
 a - a +0 dagger of venom (weapon)
 b - a +1 hunting sling
Missiles
 d - 12 sling bullets
 l - 31 stones (quivered)
Armour
 c - a +0 leather armour (worn)
 i - a +0 buckler (worn)
 n - a +0 cloak (worn)
Scrolls
 e - a scroll of fear {unknown}
 g - 2 scrolls of identify {unknown}
 j - 2 scrolls of fog {unknown}
 r - a scroll of teleportation {unknown}
Potions
 h - 3 potions of agility {unknown}
 k - a potion of flight {unknown}
 m - 2 potions of cancellation {unknown}
 o - a potion of lignification {unknown}
 q - 2 potions of might {unknown}
 s - a potion of curing {unknown}
 t - a potion of heal wounds {unknown}
Comestibles
 f - 5 rations
 p - 7 chunks of flesh


   Skills:
 - Level 1.7 Fighting
 + Level 7.6 Slings
 - Level 2.1 Dodging
 - Level 1.1 Stealth


You had one spell level left.
You knew the following spells:

 Your Spells              Type           Power        Failure   Level  Hunger
a - Confusing Touch       Hex            #.....       65%         1    ##.....

Your spell library contained the following spells:

 Spells                   Type           Power        Failure   Level  Hunger
 Confuse                  Hex            #.......     95%         3    ####...
 Gell's Gravitas          Tloc           #.........   95%         3    ####...
 Petrify                  Tmut/Erth      #.......     100%        4    #####..
 Metabolic Englaciation   Hex/Ice        #.........   100%        5    ######.
 Yara's Violent Unravell  Hex/Tmut       #.........   100%        5    ######.


Dungeon Overview and Level Annotations

Branches:
Dungeon (2/15)

Altars:
Nemelex Xobeh


Innate Abilities, Weirdness & Mutations

You are small and have problems with some larger weapons.
You are somewhat resistant to further mutation.


Message History

You butcher the quokka corpse.
p - 7 chunks of flesh (gained 1)
You see here a rat corpse.
You butcher the rat corpse.
p - 8 chunks of flesh (gained 1)
You see here a rat skeleton.
Found a short sword.
You see here a short sword.
Found a stone staircase leading up.
Some of the chunks of flesh in your inventory have rotted away.
j - 2 scrolls labeled VEGAPH ONETY (gained 1)
You pick up a book of Misfortune and begin reading...
You add the spells Confusing Touch, Confuse, Gell's Gravitas, Petrify,
Okay, then.
Okay, then.
You don't know any spells.
Memorise Confusing Touch, consuming 1 spell level and leaving 1?
You start memorising the spell.
You continue memorising.
You finish memorising.
Spell assigned to 'a'.
Are you sure you want to abandon this character and quit the game? (Confirm

##############
##.....##.....##
##..............##
#...@............#
#................#
#................#
#................#
#....<...........#
#................#
##..............##
##......#.....##
######.#######


There were no monsters in sight!

Vanquished Creatures
  An ooze (D:2)
  2 dart slugs (D:1)
  A leopard gecko (D:1)
  A giant cockroach (D:1)
  2 goblins
  8 hobgoblins
  5 kobolds
  A quokka (D:2)
  3 bats
  A frilled lizard (D:1)
  7 rats
32 creatures vanquished.

Notes
Turn   | Place    | Note
-------+----------+-------------------------------------------
     0 | D:1      | rayofluck the Halfling Hunter began the quest for the Orb.
     0 | D:1      | Reached XP level 1. HP: 14/14 MP: 1/1
    40 | D:1      | Reached skill level 6 in Slings
   133 | D:1      | Reached XP level 2. HP: 19/19 MP: 2/2
   411 | D:1      | Found a sparkling altar of Nemelex Xobeh.
   450 | D:1      | Reached skill level 7 in Slings
   450 | D:1      | Reached XP level 3. HP: 24/24 MP: 3/3
  1093 | D:2      | Learned a level 1 spell: Confusing Touch
  1093 | D:2      | Quit the game

Vault maps used:
D:1:      noname_arrival_rooms_in_the_neighbourhood, serial_bayou_pond_e,
          nemelex_xobeh_ov_fountains_minmay
D:2:      first_ration, minmay_misc_feat_four_crosses

Skill      XL: |  1  2 |
---------------+-------+-----
Slings         | 6 7 |  7.6
Fighting       | |  1.7
Dodging        | |  2.1
Stealth        | |  1.1

Action                   || total
-------------------------++-------
Melee: Short sword       ||    18
       Dagger            ||    18
 Fire: Hunting sling     ||    56
Armor: Leather armour    ||     7
Dodge: Dodged            ||    26
Block: Buckler           ||     2

Table legend:
 A = Non-vault XP
 B = Vault XP
 C = Vault XP percentage of total XP
 D = Non-vault monster count
 E = Vault monster count
 F = Vault count percentage of total count
                 A         B        C        D         E       F
            +---------+---------+-------+---------+---------+-------
      Total |      61 |       0 |   0.0 |      32 |       0 |   0.0
            +---------+---------+-------+---------+---------+-------
        D:1 |      34 |       0 |   0.0 |      18 |       0 |   0.0
        D:2 |      27 |       0 |   0.0 |      14 |       0 |   0.0
            +---------+---------+-------+---------+---------+-------
